 Dungeon Crawl Stone Soup version 0.30.1-3-gfc49f6343a (webtiles) character file.

Game seed: 14289344501023533079

5956 Zeor the Cruncher (level 10, -1/61 HPs)
             Began as a Gargoyle Monk on July 19, 2023.
             Was a Priest of Wu Jian.
             Slain by an orange demon (6 damage)
             ... summoned by a kobold demonologist
             ... on level 7 of the Dungeon on July 20, 2023.
             The game lasted 00:33:21 (7437 turns).

Zeor the Cruncher (Gargoyle Monk)                   Turns: 7437, Time: 00:33:21

Health: -1/61      AC:  8    Str: 19    XL:     10   Next: 84%
Magic:  10/10      EV:  9    Int: 11    God:    Wu Jian [***...]
Gold:   457        SH:  0    Dex: 12    Spells: 9/9 levels left

rFire   + . .        a - +4 quarterstaff (chaos)
rCold   . . .        (shield currently unavailable)
rNeg    + . .        v - +0 chain mail
rPois   ∞            j - +0 helmet
rElec   +            t - +0 cloak
rCorr   .            y - +0 pair of gloves
SInv    .            h - +1 pair of boots
Will    .....        z - amulet of faith Stlth
                     w - ring of protection from fire
HPRegen 0.30/turn    (no ring)
MPRegen 0.12/turn

%: faith
@: weakened, corroded
A: sickness immunity, AC +7, negative energy resistance 1, electricity
resistance, torment resistance 1, petrification resistance
a: Renounce Religion, Wall Jump, Serpent's Lash


You were on level 7 of the Dungeon.
You worshipped Wu Jian.
Wu Jian was most pleased with you.
You visited 2 branches of the dungeon, and saw 8 of its levels.
You also visited: Sewer.

You collected 457 gold pieces.

Inventory:

Hand Weapons
 a - a +4 quarterstaff of chaos (weapon)
 m - a +1 flail
 o - a +1 heavy flail
 p - a +0 sling of freezing
 A - a +4 scimitar of freezing
 C - a +4 whip
Missiles
 i - 8 poisoned darts (quivered)
 n - a throwing net
 F - a curare-tipped dart
Armour
 d - an orb of light
 h - a +1 pair of boots (worn)
 j - a +0 helmet (worn)
 t - a +0 cloak (worn)
 v - a +0 chain mail (worn)
 y - a +0 pair of gloves (worn)
Jewellery
 b - a ring of resist corrosion
 q - a ring of wizardry
 r - a ring of magical power
 w - a ring of protection from fire (left hand)
 z - an amulet of faith (around neck)
Wands
 g - a wand of polymorph (11)
Scrolls
 f - a scroll of poison
 k - 2 scrolls of blinking
 s - 2 scrolls of teleportation
 u - 2 scrolls of silence
 B - a scroll of enchant weapon
 D - a scroll of magic mapping
Potions
 c - 2 potions of ambrosia
 e - 3 potions of lignification
 l - 3 potions of flight
 x - a potion of invisibility


   Skills:
 + Level 6.9 Fighting
 + Level 5.9(8.5) Maces & Flails
 + Level 9.6(10.3) Staves
 + Level 0.6 Throwing
 * Level 8.7 Armour
 + Level 3.8 Dodging
 - Level 1.0 Stealth
 * Level 4.5 Evocations


You had 9 spell levels left.
You didn't know any spells.
Your spell library contained the following spells:

 Spells                   Type           Power      Damage    Failure   Level
 Kiss of Death            Conj/Necr      0%         2d5       92%         1
 Sandblast                Erth           0%         2d4       92%         1
 Shock                    Conj/Air       0%         1d3       92%         1
 Ensorcelled Hibernation  Hex/Ice        0%         N/A       98%         2
 Passwall                 Tmut/Erth      0%         N/A       98%         2
 Ignite Poison            Fire/Tmut/Pois 0%         N/A       100%        3
 Inner Flame              Hex/Fire       0%         N/A       100%        3
 Portal Projectile        Hex/Tloc       0%         N/A       100%        3
 Spider Form              Tmut/Pois      0%         N/A       100%        3
 Stone Arrow              Conj/Erth      0%         3d7       100%        3
 Tukima's Dance           Hex            0%         N/A       100%        3
 Anguish                  Hex/Necr       0%         N/A       100%        4
 Flame Wave               Conj/Fire      0%         2d4       100%        4
 Petrify                  Tmut/Erth      0%         N/A       100%        4
 Sticky Flame             Conj/Fire      0%         2d3       100%        4
 Blade Hands              Tmut           0%         N/A       100%        5
 Metabolic Englaciation   Hex/Ice        0%         N/A       100%        5
 Haunt                    Necr/Summ      0%         N/A       100%        7
 Ozocubu's Refrigeration  Ice            0%         4d7       100%        7
 Ignition                 Fire           0%         3d3       100%        8
 Death's Door             Necr           0%         N/A       100%        9
 Polar Vortex             Ice            0%         N/A       100%        9
 Statue Form              Tmut/Erth      Unusable   N/A       N/A         6

Dungeon Overview and Level Annotations

Branches:
Dungeon (7/15)             Temple (1/1) D:6           Sewer (visited)

Altars:
Ashenzari
Dithmenos
Elyvilon
Gozag
Hepliaklqana
Kikubaaqudgha
Makhleb
Okawaru
Qazlal
Ru
Trog
Uskayaw
Vehumet
Wu Jian
Xom
Yredelemnul
The Shining One

Shops:
D:7 (


Innate Abilities, Weirdness & Mutations

You are immune to sickness and miasma.
Your stone body is resilient. (AC +7)
You are immune to poison.
You resist negative energy. (rN+)
You are resistant to electric shocks. (rElec)
You are resistant to unholy torment.
You are immune to petrification.


Message History

The orange demon stings you but does no damage.
The orange demon hits you.
You feel your attacks grow feeble.
The kobold demonologist hits you but does no damage.
You closely miss the kobold demonologist.
The kobold demonologist is heavily wounded.
The rust devil barely misses you.
The orange demon stings you but does no damage.
The orange demon barely misses you.
The kobold demonologist barely misses you.
You closely miss the kobold demonologist.
The kobold demonologist is heavily wounded.
The rust devil hits you. The rust devil corrodes you!
The orange demon stings you! The orange demon hits you.
You feel as though you will be weak longer.
Aiming: Polymorph
Press: ? - help, Shift-Dir - straight line, f - kobold demonologist
Aim: a kobold demonologist, wielding a +4 dagger and wearing a +0 robe (heavily wounded, lightly drained, will become a warg, a hornet, or a raiju, chance to affect: 49%)
The kobold demonologist evaporates and reforms as a raiju!
The raiju bites you. The raiju shocks you. You resist.
The orange demon stings you!
The orange demon hits you but does no damage.
The rust devil hits you. The rust devil corrodes you!
You hit the raiju but do no damage.
The raiju is heavily wounded.
The raiju bites you.
* * * LOW HITPOINT WARNING * * *
The raiju shocks you. You resist.
* * * LOW HITPOINT WARNING * * *
The orange demon barely misses you. The orange demon hits you.
* * * LOW HITPOINT WARNING * * *
You feel as though you will be weak longer.
The rust devil barely misses you.
You hit the raiju.
The raiju seems to slow down.
The raiju is heavily wounded.
The rust devil attacks as you move away!
The rust devil hits you.
* * * LOW HITPOINT WARNING * * *
The rust devil corrodes you! The orange demon stings you from afar.
You die...

▒▒▒▒▒▒▒▒♣∙♣▒▒ ▒▒▒ ▒▒▒∙∙∙∙∙∙∙
♣▒∙♣∙♣∙▒ ♣∙♣ ♣♣∙♣♣▒ ▒∙∙∙∙∙∙∙
∙▒♣∙♣∙♣▒♣♣∙♣♣▒♣∙∙∙∙▒ ▒▒∙▒▒▒▒▒
∙▒∙♣∙♣∙▒∙∙♣∙∙▒♣∙≈♣[▒ ▒?▒▒▒▒▒
∙▒♣∙♣∙♣▒♣♣∙♣♣▒♣∙~5∙▒ '▒▒ ▒▒∙▒▒∙∙∙
∙▒∙♣∙♣∙▒ ♣∙♣ ♣5≈5♣▒ ∙∙▒ ▒∙∙∙∙∙▒▒
▒▒♣∙♣∙♣▒▒♣'♣▒▒♣4h♣♣ ∙∙▒ ▒▒∙▒∙∙∙▒
▒▒♣♣)♣♣▒∙∙>∙∙▒♣∙♣♣♣▒▒▒}▒ ▒∙▒▒∙∙∙
∙∙∙∙))†'∙∙8∙∙'4∙9∙∙∙∙▒'▒ ▒∙▒▒∙▒∙
▒▒♣♣†♣♣▒∙∙<∙∙▒♣♣♣∙♣▒∙▒$▒▒ ▒∙▒▒∙▒∙
▒▒♣∙♣∙♣▒▒♣'♣▒▒♣∙∙∙♣▒∙▒∙∙▒ ▒∙▒▒∙▒▒
∙▒∙♣∙♣∙▒∙∙∙∙∙▒♣♣♣[∙▒∙▒D{▒ ▒∙▒▒∙∙∙
∙▒♣∙♣∙♣▒∙♣♣♣∙▒♣∙∙≈∙▒∙▒▒D▒▒▒∙▒▒▒▒∙
∙▒∙♣∙♣∙▒∙♣ ♣∙▒♣=~≈∙▒∙D∙∙#▒∙∙▒ ▒∙
∙▒♣∙♣∙♣▒∙♣♣♣∙▒♣♣~≈∙▒∙♣♣♣∙▒▒▒▒ ▒∙
♣▒∙♣∙♣∙▒∙∙∙∙∙▒ ♣∙∙♣▒∙∙∙∙∙▒ ▒∙
▒▒▒▒▒▒▒▒▒♣∙♣▒▒▒▒▒▒▒▒▒▒▒▒▒▒▒▒ ▒▒∙


You could see an orange demon (summoned), a rust devil (summoned) and a shadow
imp (summoned).

Vanquished Creatures
  A centaur warrior (D:7)
  A troll (D:7)
  A blink frog (shapeshifter) (D:7)
  Sigmund (D:5)
  A slime creature (D:7)
  A shadow (D:7)
  A basilisk (D:7)
  2 steam dragons
  A vampire mosquito (D:7)
  An acid dragon (D:7)
  2 water moccasins (D:7)
  3 ice beasts
  4 black bears
  2 orc warriors
  3 sky beasts
  A centaur (D:7)
  An ogre (D:7)
  2 phantoms (D:5)
  4 bullfrogs
  A kobold brigand (D:7)
  5 scorpions
  7 wights (D:7)
  A howler monkey (D:7)
  12 hounds
  A gnoll bouda (D:7)
  4 orc priests
  A jelly (D:7)
  Crazy Yiuf (D:4)
  3 sleepcaps
  Terence (D:2)
  3 iguanas
  3 orc wizards
  A sickly merfolk siren (Sewer)
  A malarious merfolk avatar (Sewer)
  6 adders
  9 gnolls
  2 river rats (Sewer)
  2 shadow imps (D:6)
  6 white imps
  An ufetubus (D:5)
  3 worms
  A dart slug (D:1)
  17 orcs
  8 endoplasms
  5 giant cockroaches
  7 hobgoblins
  3 jackals (D:5)
  4 kobolds
  8 quokkas
  16 ball pythons
  6 bats
  4 frilled lizards
  6 goblins
  24 rats
216 creatures vanquished.

Vanquished Creatures (collateral kills)
  A rat (Sewer)
1 creature vanquished.

Vanquished Creatures (others)
  An orc wizard (D:7)
  3 gnolls (D:6)
  An adder zombie (D:6)
5 creatures vanquished.

Grand Total: 222 creatures vanquished

Notes
Turn   | Place    | Note
-------+----------+-------------------------------------------
     0 | D:1      | Zeor the Gargoyle Monk began the quest for the Orb.
     0 | D:1      | Reached XP level 1. HP: 14/14 MP: 1/1
   136 | D:1      | Reached XP level 2. HP: 17/19 MP: 2/2
   406 | D:1      | Reached skill level 1 in Armour
   743 | D:2      | Reached XP level 3. HP: 18/24 MP: 3/3
  1052 | D:2      | Noticed Terence
  1064 | D:2      | Killed Terence
  1065 | D:2      | Reached XP level 4. HP: 22/29 MP: 4/4
  1114 | D:2      | Got the Quarto of Electricity and Frost
  1927 | D:3      | Got the Secrets of Diablerie and Embers
  2064 | D:3      | Reached XP level 5. HP: 33/33 MP: 5/5
  2713 | D:4      | Reached skill level 5 in Maces & Flails
  2713 | D:4      | Reached XP level 6. HP: 36/38 MP: 6/6
  3011 | D:4      | Found a runed translucent door.
  3012 | D:4      | Noticed Crazy Yiuf
  3018 | D:4      | Killed Crazy Yiuf
  3230 | D:4      | Reached XP level 7. HP: 39/44 MP: 7/7
  3511 | D:5      | Entered Level 5 of the Dungeon
  3612 | D:5      | Reached skill level 1 in Stealth
  3642 | D:5      | Reached skill level 1 in Staves
  3652 | D:5      | Found a glowing drain.
  3667 | Sewer    | Entered a sewer
  3896 | Sewer    | Reached skill level 2 in Staves
  4171 | D:5      | Reached skill level 3 in Staves
  4171 | D:5      | Reached XP level 8. HP: 48/48 MP: 8/8
  4330 | D:5      | Reached skill level 4 in Staves
  4359 | D:5      | Reached skill level 5 in Fighting
  4425 | D:5      | Noticed Sigmund
  4457 | D:5      | Killed Sigmund
  4458 | D:5      | Reached skill level 5 in Armour
  4464 | D:5      | Reached skill level 5 in Staves
  5040 | D:6      | Reached skill level 1 in Evocations
  5042 | D:6      | Reached XP level 9. HP: 39/54 MP: 9/9
  5181 | D:6      | Reached skill level 6 in Staves
  5454 | D:6      | Found a shimmering altar of Xom.
  5483 | D:6      | Found a staircase to the Ecumenical Temple.
  5491 | Temple   | Entered the Ecumenical Temple
  5600 | Temple   | Became a worshipper of the Wu Jian Council
  5600 | Temple   | Reached * piety under Wu Jian
  5600 | Temple   | Reached ** piety under Wu Jian
  5746 | D:6      | Reached skill level 7 in Staves
  6297 | D:7      | Reached skill level 8 in Staves
  6297 | D:7      | Reached XP level 10. HP: 60/60 MP: 10/10
  6438 | D:7      | a troll changed into a harpy
  6438 | D:7      | Noticed a harpy (shapeshifter)
  6439 | D:7      | a harpy changed into a blink frog
  6686 | D:7      | Found Imez's Weapon Shoppe.
  6998 | D:7      | Noticed a centaur warrior
  7015 | D:7      | Killed a centaur warrior
  7015 | D:7      | Reached *** piety under Wu Jian
  7016 | D:7      | Reached skill level 9 in Staves
  7040 | D:7      | Noticed a kobold demonologist
  7423 | D:7      | Noticed a rust devil
  7430 | D:7      | Noticed an orange demon
  7434 | D:7      | a kobold demonologist changed into a raiju
  7437 | D:7      | Slain by an orange demon

Illustrated notes

Levels and vault maps discovered:
D:1:      amcnicky_arrival_double_pillar, layout_loops_ring,
          roderic_roman_lattice
D:2:      layout_basic, uniq_terence
D:3:      layout_basic, nicolae_figureground_sparkle
D:4:      layout_loops_ring, minmay_surrounded, uniq_crazy_yiuf_cottage
D:5:      layout_loops_corners, portal_sewer_entry_d, dk_noncrumbling_3,
          hangedman_decor_riveting, uniq_sigmund
D:6:      layout_rooms, xom_confusion_cloud, minmay_temple_entry_glassed_door,
          serial_rivers, chequers_serial_rivers_room_a,
          chequers_serial_rivers_room_b, chequers_serial_rivers_micro_a,
          chequers_serial_rivers_room_a
D:7:      nzn_winding_woodlands_stair_cross [nzn_winding_woodlands_5x15_zeroes,
          nzn_winding_woodlands_center_pierced_h,
          nzn_winding_woodlands_5x15_split_checker,
          nzn_winding_woodlands_5x5_perimeter, nzn_winding_woodlands_5x5_cross,
          nzn_winding_woodlands_5x15_pathside_ponds,
          nzn_winding_woodlands_center_lodge,
          nzn_winding_woodlands_5x15_garden], layout_loops_ring, serial_shops,
          shop, hangedman_decor_points
Temple:   minmay_temple_bridge_d

Skill      XL: |  1  2  3  4  5  6  7  8  9 10 |
---------------+-------------------------------+-----
Armour         | 1 2 3 4 5 7 8 |  8.7
Fighting       | 4 5 6 |  6.9
Maces & Flails | 4 5 |  5.9
Dodging        | 3 |  3.8
Stealth        | 1 |  1.0
Staves         | 3 5 8 9 |  9.6
Evocations     | 1 3 4 |  4.5
Throwing       | |  0.6

Action                     |  1- 3 |  4- 6 |  7- 9 | 10-12 || total
---------------------------+-------+-------+-------+-------++-------
  Melee: Mace              |    80 |    46 |       |       ||   126
         Flail             |       |    66 |       |       ||    66
         Quarterstaff      |       |     7 |   315 |   161 ||   483
  Throw: Dart              |       |       |     4 |       ||     4
Ability: Lunge             |       |       |     9 |    11 ||    20
         Whirlwind         |       |       |     1 |     3 ||     4
         Wall Jump         |       |       |       |     1 ||     1
  Evoke: Wand              |       |       |       |     1 ||     1
    Use: Scroll            |     5 |     6 |     3 |     4 ||    18
         Potion            |       |       |     6 |     2 ||     8
   Stab: Paralysed         |       |       |     2 |       ||     2
         Petrified         |       |       |     1 |       ||     1
 Armour: Robe              |    23 |    13 |       |       ||    36
         Ring mail         |       |    46 |     3 |       ||    49
         Chain mail        |       |       |   177 |    86 ||   263
  Dodge: Dodged            |    35 |    61 |    97 |    49 ||   242
